 Dungeon Crawl Stone Soup version 0.29.1-12-g30fa7ad0bf (webtiles) character file.

Game seed: 3600847995553873525

303 FaviusArthum the Grave Robber (level 6, -3/32 HPs)
             Began as a Deep Elf Necromancer on Jan 7, 2023.
             Slain by Grinder (6 damage)
             ... on level 3 of the Dungeon.
             The game lasted 00:17:12 (5186 turns).

FaviusArthum the Grave Robber (DENe)                Turns: 5186, Time: 00:17:12

Health: -3/32      AC:  8    Str:  5    XL:     6   Next: 15%
Magic:  17/17      EV:  0    Int: 22    God:
Gold:   141        SH:  0    Dex: 15    Spells: 13/17 levels left

rFire   . . .      SeeInvis .   f - +1 spear
rCold   . . .      Faith    .   (no shield)
rNeg    . . .      Spirit   .   n - +0 chain mail
rPois   .          Reflect  .   (no helmet)
rElec   .          Harm     .   (no cloak)
rCorr   .          Rampage  .   (no gloves)
Will    .....                   (no boots)
Stlth   ..........              (no amulet)
HPRegen 0.10/turn               (no ring)
MPRegen 0.15/turn               (no ring)

@: no status effects
A: no striking features
a: no special abilities


You were on level 3 of the Dungeon.
You visited 1 branch of the dungeon, and saw 3 of its levels.

You collected 141 gold pieces.

Inventory:

Hand Weapons
 f - a +1 spear (weapon)
 k - a +0 trident
 l - a +0 short sword
 m - a +0 club
Armour
 a - a +0 robe
 j - a +0 scale mail
 n - a +0 chain mail (worn)
Scrolls
 c - a scroll of noise
 e - a scroll of identify
 g - 4 scrolls of immolation
 h - 2 scrolls of teleportation
Potions
 b - a potion of magic
 d - a potion of heal wounds
 i - 2 potions of curing {unknown}


   Skills:
 + Level 2.5 Dodging
 + Level 2.7 Stealth
 + Level 6.1 Spellcasting
 + Level 7.3 Necromancy


You had 13 spell levels left.
You knew the following spells:

 Your Spells              Type           Power      Damage    Failure   Level
a - Necrotise             Necr           100%       1d9       100%        1
b - Vampiric Draining     Necr           39%        2d8       100%        3

Your spell library contained the following spells:

 Spells                   Type           Power      Damage    Failure   Level
 Animate Dead             Necr           39%        N/A       100%        4
 Agony                    Necr           39%        N/A       100%        5


Dungeon Overview and Level Annotations

Branches:
Dungeon (3/15)

Altars:
Hepliaklqana
Nemelex Xobeh

Shops:
D:2 :

Annotations:
D:1 1 transporter
D:3 Grinder


Message History

Grinder blinks!
Your bat skeleton hits the bat.
You see here a +0 dagger.
Your bat skeleton hits the bat. x2; The bat completely misses you.
Your bat skeleton hits the bat.
The bat dies!
Your bat skeleton crumbles into dust!
There is a stone staircase leading up here.
You see here a +0 short sword.
l - a +0 short sword You see here a +0 club.
You see here a +0 chain mail.
You see here a +0 club.
m - a +0 club You see here a +0 chain mail.
n - a +0 chain mail You start removing your armour.
You continue taking off your +0 robe. x4
You finish taking off your +0 robe.
You start putting on your armour.
You continue putting on your +0 chain mail. x5
You finish putting on your +0 chain mail.
There is a stone staircase leading down here.
Grinder is nearby!
Grinder shouts!
Grinder hits you.
You hit Grinder.
Grinder is lightly wounded.
Grinder hits you.
You writhe in agony.
You closely miss Grinder.
Grinder is lightly wounded.
Grinder gestures at you.
You suddenly lose the ability to move!
Grinder hits you.
You writhe in agony.
You can move again.
You closely miss Grinder.
Grinder is lightly wounded.
Grinder hits you. Grinder attacks as you move away! Grinder hits you!
* * * LOW HITPOINT WARNING * * *
You writhe in agony.
You die...

#.## #.#.####..##..# #.#
#.#.# #..##..## #.# #.#.#
#..)....# ##.## #.#.#
##.###...#
#...#####.#.###........#
#.#.(............###.#.#
#...#####.#.####.###.#.#
##### #5#.# #.......# #######
#@#.####.###.###
......##########............#
#..#....................#####
.#.#..........####.######
###.########### #.# # ##.##
#.# ##.############.# #
##...........<...#
###..###############


You could see Grinder.

Vanquished Creatures
  Sigmund (D:3)
  Jessica (D:3)
  3 gnolls (D:3)
  3 adders
  A dart slug (D:2)
  3 endoplasms
  4 giant cockroaches
  2 goblins (D:2)
  5 hobgoblins
  6 jackals (D:1)
  2 quokkas
  8 ball pythons
  6 bats
  2 frilled lizards
  5 kobolds
  6 rats
58 creatures vanquished.

Vanquished Creatures (collateral kills)
  A ball python (D:1)
  4 bats
  A kobold (D:3)
  A rat (D:1)
7 creatures vanquished.

Grand Total: 65 creatures vanquished

Notes
Turn   | Place    | Note
-------+----------+-------------------------------------------
     0 | D:1      | FaviusArthum the Deep Elf Necromancer began the quest for
                  | the Orb.
     0 | D:1      | Reached XP level 1. HP: 10/10 MP: 6/6
    85 | D:1      | Reached skill level 5 in Necromancy
   166 | D:1      | Reached XP level 2. HP: 15/15 MP: 5/8
  1102 | D:1      | Found a faded altar of an unknown god.
  1503 | D:1      | Reached XP level 3. HP: 19/19 MP: 2/10
  1507 | D:1      | Learned a level 3 spell: Vampiric Draining
  1828 | D:2      | Found Guihud Otwa's Book Shoppe.
  2107 | D:2      | Found a sparkling altar of Nemelex Xobeh.
  2645 | D:2      | Reached XP level 4. HP: 24/24 MP: 6/12
  2811 | D:3      | Noticed Jessica
  2818 | D:3      | Killed Jessica
  2819 | D:3      | Reached skill level 6 in Necromancy
  3009 | D:3      | Noticed Sigmund
  3683 | D:3      | Found a hazy altar of Hepliaklqana.
  3715 | D:3      | Noticed Grinder
  3751 | D:3      | Paralysed by Grinder for 5 turns
  4128 | D:3      | Killed Sigmund
  4129 | D:3      | Reached skill level 7 in Necromancy
  4129 | D:3      | Reached XP level 5. HP: 20/28 MP: 7/15
  4129 | D:3      | Reached XP level 6. HP: 22/32 MP: 7/17
  5181 | D:3      | Paralysed by Grinder for 2 turns
  5186 | D:3      | Slain by Grinder

Illustrated notes

Levels and vault maps discovered:
D:1:      spicycebolla_arrival_risky_transporter, layout_loops_corners,
          basic_ecumenical_altar, minmay_bisected
D:2:      layout_basic, basic_altar, serial_shops, shop, serial_bayou_pond_b
D:3:      layout_loops_ring, mainiacjoe_overflow_catwalk, uniq_sigmund,
          uniq_jessica, uniq_grinder

Skill      XL: |  1  2  3  4 |
---------------+-------------+-----
Necromancy     | 5 7 |  7.3
Spellcasting   | 4 6 |  6.1
Dodging        | |  2.5
Stealth        | |  2.7

Action                   |  1- 3 |  4- 6 || total
-------------------------+-------+-------++-------
Melee: Spear             |     4 |    11 ||    15
 Cast: Necrotise         |    72 |    29 ||   101
       Vampiric Draining |     1 |     4 ||     5
  Use: Scroll            |       |     6 ||     6
       Potion            |       |     1 ||     1
Armor: Robe              |     5 |     3 ||     8
Dodge: Dodged            |    16 |    12 ||    28
